 Dungeon Crawl Stone Soup version 0.28-a0-1594-ga885d4b3d6 (webtiles) character file.

Game seed: 11249013010492122552

1019 fragbeetle the Cleaver (level 8, 0/99 HPs)
             Began as a Hill Orc Monk on Jan 20, 2022.
             Succumbed to an adder's poison
             ... on level 5 of the Dungeon.
             The game lasted 00:09:54 (4556 turns).

fragbeetle the Cleaver (Hill Orc Monk)              Turns: 4556, Time: 00:09:55

Health: 0/99       AC:  9    Str: 16    XL:     8   Next: 22%
Magic:  8/8        EV:  7    Int: 10    God:
Gold:   177        SH:  5    Dex: 13    Spells: 7/7 levels left

rFire   . . .      SeeInvis .   a - +0 hand axe
rCold   . . .      Faith    .   g - orb {light}
rNeg    + . .      Spirit   .   q - +0 chain mail
rPois   .          Reflect  +   (no helmet)
rElec   .          Harm     .   (no cloak)
rCorr   .          Rampage  .   (no gloves)
Will    +....                   (no boots)
Stlth   ..........              k - amulet of reflection
HPRegen 0.26/turn               s - ring of willpower
MPRegen 0.11/turn               v - ring of positive energy

@: berserking, lethally poisoned (0 -> -1), glowing, quick
A: no striking features
a: no special abilities


You were on level 5 of the Dungeon.
You visited 1 branch of the dungeon, and saw 7 of its levels.

You collected 177 gold pieces.

Inventory:

Hand Weapons
 a - a +0 hand axe (weapon)
 z - a +2 dagger of holy wrath
Missiles
 d - 6 poisoned darts (quivered)
 j - 63 sling bullets
 p - 2 javelins
Armour
 b - a +0 robe
 g - an orb of light (worn)
 n - a +0 leather armour
 q - a +0 chain mail (worn)
Jewellery
 k - an amulet of reflection (around neck)
 s - a ring of willpower (left hand)
 v - a ring of positive energy (right hand)
 y - a ring of ice
Wands
 u - a wand of paralysis (6)
Scrolls
 e - a scroll of fear {unknown}
 f - a scroll of teleportation {unknown}
 h - a scroll of identify {unknown}
 m - a scroll of blinking {unknown}
 o - a scroll of torment {unknown}
Potions
 c - a potion of berserk rage
 i - a potion of magic {unknown}
 l - 2 potions of flight {unknown}
 r - a potion of mutation {unknown}
 t - 2 potions of curing {unknown}
 w - a potion of attraction {unknown}
 x - a potion of resistance {unknown}


   Skills:
 - Level 4.0 Fighting
 * Level 9.6 Axes
 + Level 4.2 Armour
 - Level 3.0 Dodging
 - Level 1.5 Stealth
 + Level 4.5 Shields


You had 7 spell levels left.
You didn't know any spells.
Your spell library contained the following spells:

 Spells                   Type           Power      Damage    Failure   Level
 Summon Guardian Golem    Hex/Summ       0%         N/A       100%        3
 Animate Armour           Summ/Erth      0%         N/A       100%        4
 Blade Hands              Tmut           0%         N/A       100%        5
 Iron Shot                Conj/Erth      0%         9d1       100%        6
 Orb of Destruction       Conj           0%         9d5       100%        7
 Spellforged Servitor     Conj/Summ      0%         N/A       100%        7


Dungeon Overview and Level Annotations

Branches:
Dungeon (7/15)
 Temple: D:4-7

Altars:
Makhleb


Message History

* * * LOW HITPOINT WARNING * * *
You are more poisoned.
The adder poisons you!
The giant cockroach bites you but does no damage.
It was a potion of berserk rage.
A red film seems to cover your vision as you go berserk!
You feel yourself moving faster!
You feel mighty!
You feel sick. The adder bites you but does no damage.
The giant cockroach closely misses you.
You barely miss the adder.
The adder is moderately wounded.
You slash the giant cockroach!
You kill the giant cockroach!
You feel sick. The adder barely misses you.
You slash the adder!
You kill the adder!
You completely miss the quokka.
You feel sick.
You slash the quokka!
You kill the quokka!
You feel sick.
You feel sick. The sky beast barely misses you.
You hit the sky beast.
The sky beast is moderately wounded.
You slash the gnoll! You block the sky beast's attack.
The gnoll hits you but does no damage.
Your unstable footing causes you to fumble your attack.
You feel sick.
You slash the gnoll!
You kill the gnoll!
You hear a splash.
You hit the sky beast. The sky beast misses you.
You slash the sky beast!
The sky beast is almost dead.
You feel sick. The sky beast hits you.
* * * LOW HITPOINT WARNING * * *
The sky beast shocks you.
* * * LOW HITPOINT WARNING * * *
You slash the sky beast!
You kill the sky beast!
Reactivating autopickup.
You die...

#.........###.........#####≈..
#####.......'.........†...#≈.♣
#...###.######.......###.'..♣
#..## ### ##≈##.....## #.'..♣
#..# ≈≈≈#....## #.#≈.♣ #..#
≈≈≈#...## ###≈.. #..##
#≈###'## #≈≈≈ ###)# #†# #.#
#### #.# #@# #.####### ###
##≈###........ #≈≈)#...######
#≈≈≈#....# ##≈##...##
#######.##...# .........)...#
#####.##)##..# #............


There were no monsters in sight!

Vanquished Creatures
  Prince Ribbit (D:5)
  Sigmund (D:2)
  A sky beast (D:5)
  An ogre (D:5)
  A phantom (D:4)
  A scorpion (D:6)
  A bullfrog zombie (D:6)
  A jelly (D:5)
  2 iguanas
  An orc wizard (D:3)
  A hound skeleton (D:4)
  8 gnolls
  A river rat (D:5)
  5 adders
  A white imp (D:5)
  A dart slug (D:3)
  6 orcs
  4 bats
  6 endoplasms
  3 giant cockroaches
  6 goblins
  3 hobgoblins
  7 jackals
  A quokka (D:5)
  3 ball pythons
  4 frilled lizards
  6 kobolds
  4 rats
81 creatures vanquished.

Notes
Turn   | Place    | Note
-------+----------+-------------------------------------------
     0 | D:1      | fragbeetle the Hill Orc Monk began the quest for the Orb.
     0 | D:1      | Reached XP level 1. HP: 19/19 MP: 1/1
   434 | D:1      | Reached XP level 2. HP: 23/27 MP: 2/2
   952 | D:1      | Reached XP level 3. HP: 31/33 MP: 3/3
  1078 | D:2      | Reached skill level 5 in Axes
  1362 | D:2      | Reached XP level 4. HP: 24/40 MP: 4/4
  1370 | D:2      | Reached skill level 1 in Shields
  2621 | D:2      | Noticed Sigmund
  2639 | D:2      | Killed Sigmund
  2640 | D:2      | Reached skill level 7 in Axes
  2640 | D:2      | Reached skill level 1 in Armour
  2640 | D:2      | Reached XP level 5. HP: 21/46 MP: 5/5
  2640 | D:2      | Reached XP level 6. HP: 24/52 MP: 6/6
  3059 | D:3      | Found a faded altar of an unknown god.
  3810 | D:4      | Reached XP level 7. HP: 40/59 MP: 7/7
  3937 | D:4      | You fall into a shaft and drop 3 floors!
  3938 | D:7      | Found a burning altar of Makhleb.
  4149 | D:6      | Reached skill level 8 in Axes
  4254 | D:5      | Entered Level 5 of the Dungeon
  4431 | D:5      | Noticed Prince Ribbit
  4445 | D:5      | Killed Prince Ribbit
  4446 | D:5      | Reached skill level 9 in Axes
  4485 | D:5      | Reached XP level 8. HP: 35/66 MP: 8/8
  4554 | D:5      | HP: 1/99 [sky beast (6)]
  4556 | D:5      | Succumbed to an adder's poison

Illustrated notes

Levels and vault maps discovered:
D:1:      minmay_arrival_split_and_join, layout_basic
D:2:      layout_loops_corners, mrwooster_statue_mirror, uniq_sigmund
D:3:      layout_loops_ring, ebering_ecumenical_altar_ruins,
          minmay_strange_pillars
D:4:      layout_gridville
D:5:      layout_loops_corners, mainiacjoe_overflow_paths, lemuel_round_altar,
          minmay_temple_entry_ruins, gup_sewer_entry_bubbles,
          kennysheep_generic_room_6, uniq_prince_ribbit1, uniq_menkaure
D:6:      layout_basic, amcnicky_altar_gilded, dk_yredelemnul_ordeal,
          lemuel_blue_sif_altar, corexii_leaking_fountain, minmay_liquid_box
D:7:      kennysheep_spiral_hall, layout_cave_pools,
          fedhas_bush_and_centaur_altar, mainiacjoe_overflow_alcove_4,
          lemuel_tele_altar, mainiacjoe_overflow_boulevard, serial_shops,
          nicolae_shop_bloodbath_and_beyond, kennysheep_little_box, shop,
          nicolae_shop_waterfront

Skill      XL: |  1  2  3  4  5  6  7  8 |
---------------+-------------------------+-----
Fighting       | 4 |  4.0
Axes           | 5 7 9 |  9.6
Dodging        | 3 |  3.0
Shields        | 2 3 4 |  4.5
Armour         | 1 2 3 4 |  4.2
Stealth        | |  1.5

Action                   |  1- 3 |  4- 6 |  7- 9 || total
-------------------------+-------+-------+-------++-------
Melee: Hand axe          |    83 |   125 |    72 ||   280
       Punch             |     1 |       |       ||     1
Throw: Dart              |       |     4 |    10 ||    14
       Javelin           |       |     4 |     2 ||     6
Evoke: Wand              |       |       |     3 ||     3
  Use: Potion            |       |       |     1 ||     1
 Stab: Sleeping          |     2 |       |       ||     2
       Paralysed         |       |       |     3 ||     3
Armor: Robe              |     7 |       |       ||     7
       Leather armour    |       |     2 |       ||     2
       Chain mail        |       |    31 |    21 ||    52
Dodge: Dodged            |    51 |    26 |    24 ||   101
Block: Orb               |     2 |    22 |    13 ||    37

Table legend: (Time is in decaauts)
 A = Elapsed time spent in this place.
 B = Non-inter-level travel time spent in this place.
 C = Inter-level travel time spent in this place.
 D = Time resting spent in this place.
 E = Time spent auto-exploring this place.
 F = Levels seen in this place.
 G = Mean time per level.
                   A        B        C        D        E       F      G
               +--------+--------+--------+--------+--------+-----+--------+
         Total |   4552 |   4371 |    181 |   1010 |   2336 |   7 |  650.3 |
       Dungeon |   4552 |   4371 |    181 |   1010 |   2336 |   7 |  650.3 |
               +--------+--------+--------+--------+--------+-----+--------+

Top non-repeatable levels by time:
     D:2: 1710 daAuts
     D:1: 1163 daAuts
     D:3: 625 daAuts
     D:4: 440 daAuts
     D:5: 298 daAuts
     D:6: 268 daAuts
     D:7: 45 daAuts
